 Dungeon Crawl Stone Soup version 0.29-a0-1052-g6990b1bffc (webtiles) character file.

Game seed: 2684999071616538011

50 Zonian the Chiller (level 3, -1/16 HPs)
             Began as a Vine Stalker Ice Elementalist on Aug 17, 2022.
             Slain by an orc wizard
             ... wielding a +2 dagger of speed
              (2 damage)
             ... on level 3 of the Dungeon.
             The game lasted 00:04:13 (2318 turns).

Zonian the Chiller (Vine Stalker Ice Elementalist)  Turns: 2318, Time: 00:04:13

Health: -1/16      AC:  2    Str: 10    XL:     3   Next: 79%
Magic:  0/8        EV: 12    Int: 17    God:
Gold:   95         SH:  0    Dex: 14    Spells: 3/7 levels left

rFire   . . .      SeeInvis .   d - +0 dagger
rCold   . . .      Faith    .   (no shield)
rNeg    . . .      Spirit   +   a - +0 robe
rPois   .          Reflect  .   (no helmet)
rElec   .          Harm     .   (no cloak)
rCorr   .          Rampage  .   (no gloves)
Will    .....                   (no boots)
Stlth   ++........              (no amulet)
HPRegen 0.05/turn               (no ring)
MPRegen 0.11/turn               (no ring)

@: no status effects
A: fangs 2, magic shield, antimagic bite, no potion heal 2
a: no special abilities


You were on level 3 of the Dungeon.
You visited 1 branch of the dungeon, and saw 3 of its levels.

You collected 95 gold pieces.

Inventory:

Hand Weapons
 d - a +0 dagger (weapon)
 g - a +0 club
Missiles
 i - 12 poisoned darts
Armour
 a - a +0 robe (worn)
 c - a +0 pair of gloves
Jewellery
 k - an amulet of the acrobat
Wands
 q - a wand of paralysis (8)
Scrolls
 r - a scroll of butterflies
Potions
 e - 2 potions of curing
 o - a potion of heal wounds


   Skills:
 - Level 2.0 Dodging
 + Level 3.3 Stealth
 + Level 2.8 Spellcasting
 + Level 4.3 Ice Magic


You had 3 spell levels left.
You knew the following spells:

 Your Spells              Type           Power      Damage    Failure   Level
a - Freeze                Ice            68%        1d8       3%          1
b - Frozen Ramparts       Ice            34%        1d6       9%          3

Your spell library contained the following spells:

 Spells                   Type           Power      Damage    Failure   Level
 Ozocubu's Armour         Ice            17%        N/A       9%          3
 Sandblast                Erth           4%         2d4       19%         1
 Summon Small Mammal      Summ           8%         N/A       19%         1
 Blink                    Tloc           4%         N/A       26%         2
 Passwall                 Tmut/Erth      1%         N/A       26%         2
 Call Canine Familiar     Summ           2%         N/A       47%         3
 Stone Arrow              Conj/Erth      4%         3d7       47%         3
 Summon Guardian Golem    Hex/Summ       2%         N/A       47%         3
 Hailstorm                Conj/Ice       9%         3d4       58%         4
 Manifold Assault         Tloc           2%         N/A       99%         5
 Storm Form               Tmut/Air       1%         N/A       100%        7


Dungeon Overview and Level Annotations

Branches:
Dungeon (3/15)

Altars:
Dithmenos
Fedhas
Nemelex Xobeh


Innate Abilities, Weirdness & Mutations

You have extremely sharp teeth.
When hurt, damage is shared between your health and your magic reserves.
Your bite disrupts and absorbs the magic of your enemies.
Potions cannot restore your health.


Message History

Unknown command.
Unknown command.
Unknown command.
You close the door.
Unknown command.
You start waiting.
Something unseen opens the door.
Unknown command.
Something hits you.
There is an open door here.
Something hits you. Something hits you. x2
There is an open door here.
Something hits you.
There is a blossoming altar of Fedhas here.
Magic courses through your body.
You hear some strange, mumbled words.
A magic dart appears from out of thin air!
The magic dart hits you.
* * * LOW HITPOINT WARNING * * *
Casting: Freeze (safe; 3% risk of failure)
Confirm with . or Enter, or press ? or * to list all spells.
Aiming: Freeze (safe; 3% risk of failure)
Press: ? - help, Shift-Dir - straight line You freeze something.
Something hits you.
* * * LOW HITPOINT WARNING * * *
Unknown command.
Press < or > to pray at altars.
Casting: Freeze (safe; 3% risk of failure)
Confirm with . or Enter, or press ? or * to list all spells.
You can't see any susceptible monsters within range! (Use Z to cast anyway.)
Casting: Freeze (safe; 3% risk of failure)
Confirm with . or Enter, or press ? or * to list all spells.
Aiming: Freeze (safe; 3% risk of failure)
Press: ? - help, Shift-Dir - straight line, f - you
Okay, then.
Okay, then.
Okay, then.
Okay, then.
You hit something but do no damage. Something hits you.
You die...

##.....# ##).....#
........#
...#....#############
...#................#
##...........#####..#
............+#.#.#'.#
####.......##..#.{###
#.......#.._#@..#
#.......## #####
#.......# _..#
#.......## ..##
#####)##.+# #.#+
#.#...# ## . #...# #
##. ... ##.## ...
#..####.######.#


There were no monsters in sight!

Vanquished Creatures
  3 dart slugs
  3 orcs (D:3)
  4 endoplasms
  2 giant cockroaches
  2 goblins
  4 hobgoblins
  A quokka (D:2)
  4 ball pythons (D:1)
  5 bats
  4 frilled lizards
  4 kobolds
  3 rats
39 creatures vanquished.

Vanquished Creatures (others)
  26 plants (D:3)
26 creatures vanquished.

Grand Total: 65 creatures vanquished

Notes
Turn   | Place    | Note
-------+----------+-------------------------------------------
     0 | D:1      | Zonian the Vine Stalker Ice Elementalist began the quest
                  | for the Orb.
     0 | D:1      | Reached XP level 1. HP: 9/9 MP: 4/4
   319 | D:1      | Reached XP level 2. HP: 13/13 MP: 4/6
   892 | D:1      | Reached XP level 3. HP: 16/16 MP: 5/7
  1052 | D:2      | Learned a level 3 spell: Frozen Ramparts
  2305 | D:3      | Found a blossoming altar of Fedhas.
  2305 | D:3      | Found a shadowy altar of Dithmenos.
  2306 | D:3      | Found a sparkling altar of Nemelex Xobeh.
  2318 | D:3      | Slain by an orc wizard

Illustrated notes

Levels and vault maps discovered:
D:1:      giann_bridges, layout_loops_ring
D:2:      layout_basic
D:3:      layout_rooms, nicolae_overflow_quartered_altars,
          shapermc_ecumenical_altar_venn, serial_bayou, serial_bayou_lake_a,
          serial_bayou_pond_d, serial_bayou_shore_a, serial_bayou_pond_e,
          serial_bayou_pond_a, serial_bayou_pond_d, minmay_statues_item

Skill      XL: |  1  2  3 |
---------------+----------+-----
Dodging        | 2 |  2.0
Stealth        | 3 |  3.3
Spellcasting   | |  2.8
Ice Magic      | |  4.3

Action                   || total
-------------------------++-------
Melee: Dagger            ||    48
       Bite              ||     9
       Punch             ||     1
 Cast: Freeze            ||    25
  Use: Scroll            ||     9
       Potion            ||     1
 Stab: Sleeping          ||     8
Armor: Robe              ||    15
Dodge: Dodged            ||    45

Table legend: (Time is in decaauts)
 A = Elapsed time spent in this place.
 B = Non-inter-level travel time spent in this place.
 C = Inter-level travel time spent in this place.
 D = Time resting spent in this place.
 E = Time spent auto-exploring this place.
 F = Levels seen in this place.
 G = Mean time per level.
                   A        B        C        D        E       F      G
               +--------+--------+--------+--------+--------+-----+--------+
         Total |   2316 |   2237 |     79 |    419 |   1381 |   3 |  772.0 |
       Dungeon |   2316 |   2237 |     79 |    419 |   1381 |   3 |  772.0 |
               +--------+--------+--------+--------+--------+-----+--------+

Top non-repeatable levels by time:
     D:1: 974 daAuts
     D:2: 956 daAuts
     D:3: 386 daAuts
